 Dungeon Crawl Stone Soup version 0.17.1-3-g152610e (webtiles) character file.

55 Gargoyl the Skirmisher (level 3, 0/29 HPs)
             Began as a Demonspawn Abyssal Knight on Mar 30, 2016.
             Was a Believer of Lugonu.
             Succumbed to GFox's ghost's poison
             ... on level 2 of the Dungeon.
             The game lasted 00:03:37 (2221 turns).

Gargoyl the Skirmisher (Demonspawn Abyssal Knight)  Turns: 2221, Time: 00:03:37

Health: 0/29       AC:  8    Str: 13    XL:     3   Next: 67%
Magic:  5/5        EV:  1    Int: 13    God:    Lugonu [**....]
Gold:   99         SH: 10    Dex: 12    Spells: 0 memorised, 2 levels left

rFire  . . .     SeeInvis .     a - +1 hand axe
rCold  . . .     Clarity  .     g - +0 chain mail
rNeg   . . .     SustAt   .     k - +0 large shield
rPois  .         Gourm    .     b - +0 hat
rElec  .         Spirit   .     (no cloak)
rCorr  .         Warding  .     (no gloves)
rMut   .         Stasis   .     (no boots)
MR     .....                    (no amulet)
Stlth  ..........               (no ring)
                                (no ring)

@: lethally poisoned (0 -> -19), flying, not resistant to hostile enchantments,
extremely unstealthy
A: antennae 1, powered by death 1
a: Depart the Abyss, Bend Space, Renounce Religion


You were on level 2 of the Dungeon.
You worshipped Lugonu.
Lugonu was pleased with you.
You were not hungry.

You visited 1 branch of the dungeon, and saw 3 of its levels.
You visited the Abyss 1 time.

You collected 99 gold pieces.

Inventory:

Hand Weapons
 a - a +1 hand axe (weapon)
Armour
 b - a +0 hat (worn)
 g - a +0 chain mail (worn)
 k - a +0 large shield (worn)
Scrolls
 e - 2 scrolls of teleportation {unknown}
 h - a scroll of noise {unknown}
 j - 2 scrolls of fear {unknown}
 l - a scroll of identify {unknown}
 n - a scroll of fog {unknown}
 o - 2 scrolls of remove curse {unknown}
 p - a scroll of immolation {unknown}
 q - a scroll of random uselessness {unknown}
 r - a scroll of recharging {unknown}
 t - a scroll of enchant armour {unknown}
Comestibles
 c - 3 bread rations
 i - a beef jerky
 m - a meat ration


   Skills:
 + Level 3.4 Fighting
 + Level 2.1 Axes
 * Level 2.5 Armour
 + Level 1.1 Dodging
 + Level 0.6 Shields
 + Level 3.1 Invocations


You had 2 spell levels left.
You didn't know any spells.

Dungeon Overview and Level Annotations

Branches:
Dungeon (3/15)

Altars:
Dithmenos

Annotations:
D:3 GFox's ghost, amateur HOFi


Innate Abilities, Weirdness & Mutations

You have a pair of small antennae on your head.
You regenerate a little health from kills.


Message History

GFox's ghost is moderately damaged.
You feel sick.
GFox's ghost shrieks, "Very impressive.
But it won't help.
Nothing will."
You block GFox's ghost's attack.
You hit GFox's ghost but do no damage.
GFox's ghost is moderately damaged.
* * * LOW HITPOINT WARNING * * *
You feel sick.
GFox's ghost hits you but does no damage.
You are more poisoned.
You block GFox's ghost's attack.
* * * LOW HITPOINT WARNING * * *
You feel sick. You block GFox's ghost's attack.
You fly upwards.
* * * LOW HITPOINT WARNING * * *
You feel sick.
There is a stone staircase leading down here.
* * * LOW HITPOINT WARNING * * *
You feel sick.
You die...

....#...##.###.###############.#
...÷#...##..##.#...............#
....#...###.#..................#
........###....#...............#
.#'#...........#.##'#######'##.#
.#.#.#.........#.##.#######.##.#
<#.#.#...##.#.......#.....#....#
.#.#.#......#..#.####.##.########
.#.#......###.>.@................
.#...#.#..####.##.###.##....####.
####.#.#........#.....#...#.#<##.
...#.#.#(#####..#######.#.(.(.##.
##.#(#.#.#........# #.###.####.
...#.#.#.#.######.## #.....# #.
.###...#<#.#.......########## #.
.÷÷(######'#.##......###### #.
.##......)................# #.


There were no monsters in sight!

Vanquished Creatures
  2 adders (D:2)
  A worm (D:2)
  A ball python (D:1)
  3 bats
  3 giant cockroaches
  9 goblins
  5 hobgoblins
  3 kobolds
  2 giant newts
  A jackal (D:1)
  7 rats
37 creatures vanquished.

Notes
Turn   | Place    | Note
--------------------------------------------------------------
     0 | Abyss:1  | Gargoyl the Demonspawn Abyssal Knight began the quest for the Orb.
     0 | Abyss:1  | Reached XP level 1. HP: 18/18 MP: 2/2
   103 | Abyss:1  | Noticed an iron imp
   156 | Abyss:2  | Noticed a phantasmal warrior
   158 | D:1      | Escaped the Abyss
   558 | D:1      | Reached * piety under Lugonu
   889 | D:1      | Gained mutation: You have a pair of small antennae on your head. [demonic ancestry]
   889 | D:1      | Reached XP level 2. HP: 21/24 MP: 4/4
   895 | D:1      | Reached skill level 1 in Dodging
  1456 | D:2      | Gained mutation: You regenerate a little health from kills. [demonic ancestry]
  1456 | D:2      | Reached XP level 3. HP: 25/29 MP: 5/5
  1721 | D:2      | Reached ** piety under Lugonu
  2085 | D:3      | Found a shadowy altar of Dithmenos.
  2129 | D:3      | Noticed GFox's ghost (amateur HOFi)
  2221 | D:2      | Succumbed to GFox's ghost's poison

Action                   || total
-------------------------++-------
Melee: Hand axe          ||   145
Invok: Depart the Abyss  ||     1
  Use: Potion            ||     2
  Eat: Chunk             ||     4
       Royal jelly       ||     1
